AoeStats
← Vialpando

Arena

504739789Analyzed
4v4 RM · 25d ago on Sep 6, 2026· 61m 33s· 8 players
Game mode
Random Map
Map size
Large (8 player)
Population
200
Speed
Normal
Resources
Standard
Victory
Conquest
Starting age
Dark Age
Ending age
Imperial Age
RankedLock teamsTeams togetherTeam positionsShared explorationLock speedFull tech treeHidden civsTurbo modeCheats
Victory
Defeat
🇨🇳 Mongols · China
992
+16
🇧🇪 Maya · Belgium
987
+16
🇬🇧 Slavs · United Kingdom
980
+17
🇹🇷 Franks · Türkiye
970
+17
🇹🇷 Turks · Türkiye
1057
-18
🇹🇷 Portuguese · Türkiye
1020
-18
🇹🇷 Gurjaras · Türkiye
952
-15
🇹🇷 Goths · Türkiye
946
-27
squeezecheese21
11:50 Feudal Age
13:25 Double-Bit Axe
15:00 Stone Mining
15:55 Gold Mining
19:25 Castle Age
18:26 Forging
18:43 Scale Mail Armor
18:38 Fletching
19:41 Scale Barding Armor
20:38 Husbandry
21:36 Iron Casting
22:22 Bow Saw
23:19 Wheelbarrow
24:48 Chain Mail Armor
24:35 Squires
26:10 Bodkin Arrow
29:16 Hand Cart
30:21 Gold Shaft Mining
34:59 Imperial Age
33:14 #83
37:13 Chemistry
36:03 Arson
37:19 Blast Furnace
36:50 Plate Mail Armor
35:42 Elite Throwing Axeman
36:43 Conscription
37:49 Chivalry
37:59 Scale Barding Armor
37:29 Cavalier
40:50 Chain Barding Armor
40:05 Paladin
40:06 Light Cavalry
41:11 Masonry
42:43 Loom
44:04 Plate Barding Armor
47:21 Siege Engineers
59:19 Ballistics
Avdp
0:38 Loom
11:39 Feudal Age
12:20 Horse Collar
12:28 Double-Bit Axe
21:04 Castle Age
19:41 Forging
19:32 Scale Mail Armor
22:52 Wheelbarrow
24:19 Hand Cart
25:08 Chain Mail Armor
32:32 Town Watch
32:11 Eagle Warrior
32:12 Pikeman
32:52 Squires
32:38 Arson
33:20 Heavy Plow
33:34 Bow Saw
33:33 Town Patrol
34:11 Iron Casting
33:27 Fletching
33:37 Padded Archer Armor
37:43 Imperial Age
35:25 Caravan
39:26 Two-Man Saw
38:59 Crop Rotation
37:54 Elite Eagle Warrior
39:12 Plate Mail Armor
39:42 Blast Furnace
38:23 Halberdier
39:12 Gold Mining
39:15 Stone Mining
47:49 Bodkin Arrow
48:12 Leather Archer Armor
54:36 Holcans
54:08 Hul'che Javelineers
54:44 Hoardings
55:01 Stone Shaft Mining
56:40 Fortified Wall
56:26 Murder Holes
56:51 Ballistics
57:32 Chemistry
56:23 Heated Shot
56:14 Treadmill Crane
56:44 Masonry
_xy_2252
2:26 Loom
11:01 Feudal Age
12:17 Wheelbarrow
11:29 Double-Bit Axe
16:14 Castle Age
14:10 Horse Collar
15:21 Bloodlines
15:33 Gold Mining
18:20 Gold Shaft Mining
23:53 Husbandry
25:47 Scale Barding Armor
26:06 Forging
27:06 Chain Barding Armor
28:35 Iron Casting
28:17 Town Watch
30:58 Hand Cart
30:46 Stone Mining
31:45 Town Patrol
34:10 Stone Shaft Mining
36:20 Imperial Age
34:34 Bow Saw
34:28 Padded Archer Armor
34:19 Fletching
35:42 Leather Archer Armor
35:42 Bodkin Arrow
36:42 Thumb Ring
36:59 Ballistics
38:08 Chemistry
36:33 Cavalier
36:35 Light Cavalry
37:37 Bracer
38:38 Blast Furnace
38:02 Onager
39:44 Siege Onager
41:00 Drill
41:04 Conscription
43:20 Conscription
43:19 Elite Mangudai
46:11 Caravan
46:56 Parthian Tactics
47:21 Hussar
53:25 Capped Ram
53:28 Heavy Scorpion
56:31 Siege Ram
57:29 Sappers
58:00 Nomads
sam.pidgeon
6:48 Loom
12:59 Feudal Age
14:46 Horse Collar
14:54 Double-Bit Axe
18:44 Stone Mining
18:46 Gold Mining
22:20 Castle Age
20:55 Man-at-Arms
21:38 Scale Mail Armor
22:46 Pikeman
22:49 Long Swordsman
23:45 Heavy Plow
23:58 Bow Saw
26:55 Town Watch
28:00 Wheelbarrow
31:43 Imperial Age
29:45 Ballistics
31:02 Scale Barding Armor
32:13 Sanctity
32:16 Husbandry
31:51 Two-Handed Swordsman
32:56 Bloodlines
33:28 Murder Holes
34:43 Squires
35:08 Forging
35:49 Illumination
36:13 Druzhina
36:39 Caravan
36:28 Capped Ram
36:42 Elite Skirmisher
36:45 Crossbowman
38:04 Herbal Medicine
39:35 Iron Casting
38:51 Fletching
39:01 Padded Archer Armor
38:56 Halberdier
39:44 Detinets
40:10 Hand Cart
41:41 Siege Ram
43:11 Onager
46:15 Chain Mail Armor
47:01 Blast Furnace
46:22 Chain Barding Armor
47:17 Siege Onager
47:36 Light Cavalry
48:37 Champion
49:58 Masonry
50:12 Conscription
50:48 Heavy Scorpion
51:01 Hussar
54:47 Chemistry
54:08 Bodkin Arrow
54:23 Town Patrol
55:14 Gold Shaft Mining
58:56 Cavalier
60:13 Hoardings
59:40 Elite Boyar
60:58 Leather Archer Armor
61:14 Plate Mail Armor
61:19 Plate Barding Armor
60:56 Fortified Wall
60:53 Siege Engineers
Scorpion
10:31 Feudal Age
11:33 Feudal Age
16:05 Castle Age
14:00 Horse Collar
14:34 Double-Bit Axe
25:34 Imperial Age
27:58 Wheelbarrow
37:36 Murder Holes
38:05 Ballistics
37:31 Arrowslits
45:33 Artillery
Aérg
2:59 Loom
10:30 Feudal Age
10:59 Double-Bit Axe
10:57 Horse Collar
17:20 Castle Age
16:38 Gold Mining
21:18 Heavy Plow
24:21 Imperial Age
23:42 Wheelbarrow
23:34 Stone Mining
24:06 Bow Saw
26:10 Chemistry
27:17 Hand Cart
26:50 Town Watch
31:02 Conscription
31:06 Elite Organ Gun
32:08 Scale Mail Armor
32:17 Pikeman
34:27 Crop Rotation
33:49 Halberdier
38:10 Town Patrol
41:30 Ballistics
41:17 Siege Engineers
41:23 Masonry
41:36 Chain Mail Armor
41:33 Forging
46:10 Arquebus
Vialpando
5:27 Loom
9:19 Feudal Age
10:48 Wheelbarrow
10:47 Double-Bit Axe
11:16 Horse Collar
13:11 Gold Mining
19:08 Castle Age
18:28 Scale Mail Armor
18:36 Scale Barding Armor
18:42 Forging
19:15 Stone Mining
20:08 Hand Cart
20:36 Bow Saw
21:48 Bloodlines
21:41 Husbandry
22:09 Heavy Plow
28:26 Iron Casting
29:00 Scale Mail Armor
28:53 Fletching
34:39 Chain Mail Armor
38:44 Imperial Age
40:26 Gold Shaft Mining
40:28 Stone Shaft Mining
39:24 Heavy Camel Rider
41:26 Elite Chakram Thrower
42:27 Conscription
43:03 Masonry
43:15 Ballistics
43:55 Chemistry
42:56 Murder Holes
42:43 Treadmill Crane
47:15 Bodkin Arrow
47:35 Light Cavalry
57:48 Hussar
Rewar
6:05 Loom
11:26 Feudal Age
12:34 Double-Bit Axe
12:32 Horse Collar
14:56 Wheelbarrow
19:31 Castle Age
19:06 Forging
20:23 Heavy Plow
20:35 Bow Saw
20:43 Scale Mail Armor
21:51 Squires
24:41 Hand Cart
26:16 Pikeman
27:15 Chain Mail Armor
27:36 Iron Casting
Connection lost

Rejoining the realm…

Still unreachable

The connection could not be restored.

Session expired

The server has moved on; the page needs a fresh start.